 Dungeon Crawl Stone Soup version 0.31.0-32-g396128a36d (webtiles) character file.

Game seed: 11847734998377902479

3839 hawla the Carver (level 9, -1/68 HPs)
             Began as a Minotaur Gladiator on Apr 15, 2024.
             Was a Believer of Yredelemnul.
             Slain by a gnoll
             ... wielding a +0 halberd
             ... led by a gnoll bouda
              (9 damage)
             ... on level 8 of the Dungeon.
             The game lasted 00:08:58 (6967 turns).

hawla the Carver (Minotaur Gladiator)               Turns: 6967, Time: 00:08:58

Health: -1/68      AC: 10    Str: 17 (18) XL:     9   Next: 98%
Magic:  11/11      EV:  5    Int:  3 (5)  God:    Yredelemnul [**....]
Gold:   346        SH:  0    Dex: 22 (23) Spells: 8/8 levels left

rFire   + . .        a - +0 long sword
rCold   + . .        (no shield)
rNeg    . . .        k - +0 chain mail
rPois   +            c - +0 hat
rElec   +            (no cloak)
rCorr   +            (no gloves)
SInv    .            (no boots)
Will    .....        (no amulet) Stlth
                     e - +6 ring of dexterity
HPRegen 0.31/turn    D - ring of resist corrosion
MPRegen 0.12/turn

%: no passive effects
@: mighty, resistant, weakened, held, hasted, very quick
A: horns 2, retaliatory headbutt
a: Renounce Religion, Recall Undead Harvest, Dark Bargain


You were on level 8 of the Dungeon.
You worshipped Yredelemnul.
Yredelemnul was noncommittal.
You visited 1 branch of the dungeon, and saw 8 of its levels.

You collected 346 gold pieces.

Inventory:

Hand Weapons
 a - a +0 long sword (weapon)
Missiles
 b - 9 poisoned darts (quivered)
 d - 5 throwing nets
 m - 6 atropa-tipped darts
Armour
 c - a +0 hat (worn)
 k - a +0 chain mail (worn)
Jewellery
 e - a +6 ring of dexterity (left hand)
 o - a +6 ring of intelligence
 y - a ring of willpower
 D - a ring of resist corrosion (right hand)
 G - a ring of poison resistance
 H - a +6 ring of strength
Wands
 l - a wand of digging (5)
 p - a wand of iceblast (7)
 C - a wand of polymorph (13)
Scrolls
 f - 2 scrolls of fear
 g - a scroll of butterflies
 h - 3 scrolls of enchant weapon
 i - 2 scrolls of torment {unknown}
 n - a scroll of silence
 q - 2 scrolls of teleportation {unknown}
 r - 2 scrolls of vulnerability {unknown}
 s - a scroll of noise {unknown}
 w - a scroll of fog {unknown}
 z - a scroll of amnesia {unknown}
 A - a scroll of immolation {unknown}
 B - 2 scrolls of identify
 F - a scroll of brand weapon {unknown}
Potions
 t - a potion of haste
 v - a potion of ambrosia {unknown}
 x - a potion of might
Miscellaneous
 E - a lightning rod (4/4)


   Skills:
 - Level 2.4 Fighting
 - Level 14.0 Long Blades
 - Level 2.0 Throwing
 - Level 7.0 Armour
 - Level 3.2 Dodging
 + Level 4.9 Invocations
 - Level 3.0 Evocations


You had 8 spell levels left.
You didn't know any spells.
Your spell library was empty.

Dungeon Overview and Level Annotations

Branches:
Dungeon (8/15)             Temple (0/1) D:5
   Lair: D:8-11

Altars:
Ashenzari
Dithmenos
Elyvilon
Hepliaklqana
Nemelex Xobeh
Qazlal
Vehumet
Wu Jian
Yredelemnul
Zin
The Shining One

Shops:
D:7 [


Innate Abilities, Weirdness & Mutations

You have a pair of horns on your head.
You reflexively headbutt those who attack you in melee.


Message History

You furiously retaliate!
You headbutt the gnoll.
You can now trade souls for undead servants.
You struggle against the net.
The gnoll hits you from afar with a +0 halberd! x2
The gnoll bouda gazes fiercely through you!
You feel as though you will be weak longer.
The gnoll bouda hits you with a +0 whip.
The orc barely misses you. You furiously retaliate!
You headbutt the orc.
You kill the orc!
The dead are walking!
The orc hits you with a +0 short sword.
* * * LOW HITPOINT WARNING * * *
The orc barely misses you. You furiously retaliate!
You headbutt the orc. The gnoll closely misses you.
Your orc zombie hits the orc but does no damage.
It was a potion of haste.
You feel yourself speed up. The gnoll barely misses you.
The gnoll hits you from afar with a +0 halberd.
* * * LOW HITPOINT WARNING * * *
The gnoll bouda gazes fiercely through you!
You feel as though you will be weak longer.
The gnoll bouda barely misses you. The gnoll hits you but does no damage.
Your orc zombie barely misses the orc.
It was a potion of degeneration.
There was something very wrong with that liquid.
You feel weakened.
You feel dopey.
You feel clumsy. The gnoll hits you but does no damage.
The gnoll hits you from afar with a +0 halberd.
* * * LOW HITPOINT WARNING * * *
The gnoll bouda hits you with a +0 whip.
* * * LOW HITPOINT WARNING * * *
The orc hits you but does no damage. The gnoll hits you but does no damage.
It was a potion of resistance.
You feel protected.
Your orc zombie hits the orc but does no damage.
It was a potion of might.
You feel very mighty all of a sudden. The gnoll barely misses you.
The gnoll hits you from afar with a +0 halberd!
You die...
Your body rises from the dead as a mindless zombie.

...#>.#
##+###+#.......
#.#
...............
#+
...............
#....
...............
#....
...............
#....
......gog......
#....
......oggg....#
#....
......o@###
#....
.....Z)ZZZ#
######....
.......Z#Z#
#...Z..Z.Z
.....(..#Z#
#Z###.....
#######.#.# #Z#
#..... #.#Z#
#Z# #.....
#.#Z# #Z#
#.....
#.#Z#####.#
######
#.#.Z.ZZZ.#


You could see a gnoll bouda, 4 gnolls, 3 orcs, a friendly black bear zombie, a
friendly wyvern zombie, 3 friendly orc zombies, a friendly orc priest zombie and
a friendly centaur zombie.

Vanquished Creatures
  Pikel (D:7)
  Grinder (D:5)
  A wyvern (D:8)
  2 ice beasts (D:7)
  5 black bears
  An orc warrior (D:8)
  7 centaurs
  3 bullfrogs
  3 scorpions
  A howler monkey (D:7)
  A bombardier beetle (D:6)
  2 jellies
  2 hounds
  An orc priest (D:8)
  2 gnoll boudas (D:7)
  2 sleepcaps
  5 iguanas
  An orc wizard (D:7)
  4 gnolls
  9 adders
  A white imp (D:5)
  4 dart slugs
  A ribbon worm (D:3)
  14 orcs
  5 ball pythons
  9 endoplasms
  4 giant cockroaches
  5 hobgoblins
  3 jackals (D:1)
  2 quokkas
  4 bats
  2 frilled lizards (D:1)
  5 goblins
  5 kobolds
  4 rats
122 creatures vanquished.

Vanquished Creatures (collateral kills)
  An ugly thing (D:7)
  A steam dragon (D:8)
  A black bear (D:6)
  A scorpion (D:7)
  A hound (D:7)
  2 orcs
7 creatures vanquished.

Vanquished Creatures (others)
  Sigmund (D:5)
  An orc zombie (D:8)
2 creatures vanquished.

Grand Total: 131 creatures vanquished

Notes
Turn   | Place    | Note
-------+----------+-------------------------------------------
     0 | D:1      | hawla the Minotaur Gladiator began the quest for the Orb.
     0 | D:1      | Reached XP level 1. HP: 18/18 MP: 0/0
    78 | D:1      | Reached skill level 4 in Long Blades
   106 | D:1      | Reached XP level 2. HP: 25/25 MP: 1/1
   415 | D:1      | Reached skill level 5 in Long Blades
   525 | D:1      | Reached XP level 3. HP: 30/30 MP: 2/2
   990 | D:2      | Reached skill level 6 in Long Blades
   990 | D:2      | Reached XP level 4. HP: 37/37 MP: 3/3
  1496 | D:3      | Found a hazy altar of Hepliaklqana.
  1640 | D:3      | Found a faded altar of an unknown god.
  1645 | D:3      | Found a sparkling altar of Nemelex Xobeh.
  1691 | D:3      | Found an ornate altar of the Wu Jian Council.
  2073 | D:4      | Noticed a black bear
  2082 | D:4      | Killed a black bear
  2083 | D:4      | Reached skill level 7 in Long Blades
  2083 | D:4      | Reached XP level 5. HP: 25/42 MP: 4/4
  2258 | D:4      | Reached skill level 8 in Long Blades
  2258 | D:4      | Reached XP level 6. HP: 41/50 MP: 5/5
  2951 | D:5      | Entered Level 5 of the Dungeon
  2951 | D:5      | Noticed Grinder
  2960 | D:5      | Paralysed by Grinder for 5 turns
  2972 | D:5      | Killed Grinder
  2973 | D:5      | Reached skill level 9 in Long Blades
  2973 | D:5      | Reached XP level 7. HP: 21/56 MP: 6/6
  3069 | D:5      | Killed Sigmund
  3570 | D:5      | Reached skill level 10 in Long Blades
  3900 | D:5      | Found a basalt altar of Yredelemnul.
  3902 | D:5      | Noticed a profane servitor
  3905 | D:5      | Found a glowing golden altar of the Shining One.
  3913 | D:5      | Became a worshipper of Yredelemnul the Dark
  3923 | D:5      | Noticed an angel
  3950 | D:5      | Found a staircase to the Ecumenical Temple.
  4343 | D:6      | Reached skill level 11 in Long Blades
  4421 | D:6      | Reached XP level 8. HP: 59/62 MP: 7/7
  4558 | D:6      | Reached * piety under Yredelemnul
  4603 | D:6      | Reached skill level 12 in Long Blades
  4739 | D:6      | Reached ** piety under Yredelemnul
  4961 | D:6      | Reached skill level 13 in Long Blades
  5152 | D:6      | Found a glowing silver altar of Zin.
  5313 | D:7      | Noticed Pikel
  5323 | D:7      | Killed Pikel
  5324 | D:7      | Reached skill level 14 in Long Blades
  5324 | D:7      | Reached XP level 9. HP: 48/68 MP: 8/8
  5528 | D:7      | Reached skill level 5 in Armour
  5584 | D:7      | Reached *** piety under Yredelemnul
  5722 | D:7      | Found Gylew's Antique Armour Boutique.
  5742 | D:7      | Reached **** piety under Yredelemnul
  5854 | D:7      | Reached ***** piety under Yredelemnul
  5892 | D:7      | Noticed a brown ugly thing
  5898 | D:7      | Reached skill level 1 in Invocations
  5926 | D:7      | Reached skill level 1 in Evocations
  5991 | D:7      | Killed a brown ugly thing
  6787 | D:8      | Found a broken altar of Ashenzari.
  6794 | D:8      | Found a stormy altar of Qazlal.
  6797 | D:8      | Found a white marble altar of Elyvilon.
  6797 | D:8      | Found a radiant altar of Vehumet.
  6804 | D:8      | Found a shadowy altar of Dithmenos.
  6967 | D:8      | Slain by a gnoll

Illustrated notes

Levels and vault maps discovered:
D:1:      minmay_arrival_stair_chambers, layout_basic,
          chequers_serial_rivers_small_a, kennysheep_crisscross,
          hangedman_decor_riveting, chequers_serial_rivers_small_a,
          minmay_misc_feat_diagonals
D:2:      layout_basic
D:3:      layout_loops_ring, nicolae_overflow_ecumenical_swirl,
          nicolae_hepliaklqana_hazy_memory, old_standard_altar,
          saegor_snake_ambush
D:4:      layout_loops_corners
D:5:      layout_cave_pods, grunt_temple_overflow_holy_war,
          minmay_temple_entry_fiery, uniq_sigmund, uniq_grinder
D:6:      layout_loops_corners, zin_scriptorium
D:7:      minmay_clustersquares, layout_gridville, serial_shops,
          nicolae_shop_crystal, uniq_pikel
D:8:      layout_basic, nicolae_overflow_hallway_of_the_gods, lair_entry_dummy,
          minivault_4

Skill      XL: |  1  2  3  4  5  6  7  8  9 |
---------------+----------------------------+-----
Long Blades    | 4 5 6 7 8 9 11 14 | 14.0
Armour         | 3 7 |  7.0
Invocations    | 4 |  4.9
Evocations     | 3 |  3.0
Fighting       | |  2.4
Throwing       | |  2.0
Dodging        | |  3.2

Action                     |  1- 3 |  4- 6 |  7- 9 || total
---------------------------+-------+-------+-------++-------
  Melee: Long sword        |    68 |    68 |   189 ||   325
         Headbutt          |     9 |    10 |    47 ||    66
         Punch             |       |     1 |     3 ||     4
  Throw: Dart              |     2 |       |       ||     2
    Use: Scroll            |     2 |     2 |       ||     4
         Potion            |       |       |     4 ||     4
   Stab: Distracted        |       |       |     1 ||     1
 Armour: Leather armour    |    26 |       |       ||    26
         Chain mail        |    11 |    47 |   173 ||   231
  Dodge: Dodged            |    42 |    22 |    96 ||   160
